Map: 카이로스 정션 - 래더

Players

dark - Winner!

  • Race: Zerg Zerg
  • Spawn Location: 11:00

Lambo

  • Race: Zerg Zerg
  • Spawn Location: 5:00

Event: IEM Season 13: Katowice (2019)

VOD

Have the link to the VOD?

Description

Time

  • Played on: Feb. 28, 2019, 10:57 a.m.
  • Length: 4:19

All games in this series

Show
View Real Time Build Order
Export as new Build Order

dark Zerg - Winner!

Build Orders: Pool First 

Get SALT Encoding   

  12  0:16  Spawning Pool  
  11  0:22  Drone  
  11  0:26  Drone  
  13  0:31  Drone  
  14  0:39  Overlord  
  14  1:03  Zergling x4  
  16  1:05  Zergling x2  
  17  1:15  Hatchery  
  17  1:17  Zergling x2  
  17  1:22  Extractor  
  16  1:27  Zergling x2  
  17  1:36  Queen  
  19  1:40  Zergling x2  
  20  1:52  Overlord  
  20  1:59  Drone  
  21  2:11  Drone  
  22  2:24  Metabolic Boost  
  22  2:27  Zergling x2  
  23  2:30  Zergling x2  
  23  2:31  Zergling x2  
  25  2:39  Zergling x2  
  25  2:44  Zergling x2  
  25  2:50  Zergling x2  
  27  2:52  Zergling x2  
  27  2:53  Zergling x4  
  30  3:00  Zergling x2  
  30  3:01  Zergling x2  
  32  3:13  Zergling x4  
  34  3:21  Zergling x2  
  34  3:22  Overlord  
  35  3:41  Zergling x10  
  40  3:48  Zergling x2  
  40  3:54  Zergling x2  
  41  4:00  Zergling x2  
Show
View Real Time Build Order
Export as new Build Order

Lambo Zerg 

Build Orders: Hatch First 

Get SALT Encoding   

  12  0:00  Drone  
  13  0:12  Overlord  
  13  0:17  Drone  
  14  0:30  Drone x2  
  16  0:47  Hatchery  
  15  0:50  Drone  
  15  0:54  Drone  
  17  1:07  Spawning Pool  
  17  1:09  Extractor  
  15  1:11  Drone  
  15  1:15  Drone  
  17  1:19  Drone  
  18  1:27  Drone  
  21  1:54  Zergling x4  
  21  1:58  Queen  
  21  1:59  Zergling x2  
  21  2:00  Queen, Zergling x2  
  27  2:11  Zergling x2  
  25  2:27  Overlord  
  25  2:31  Drone  
  26  2:38  Drone  
  26  2:41  Drone  
  26  2:44  Drone  
  28  2:46  Drone  
  28  2:48  Drone  
  30  2:54  Drone  
  31  2:59  Overlord  
  31  3:04  Drone  
  32  3:05  Drone  
  32  3:10  Drone x2  
  35  3:13  Drone  
  35  3:18  Drone  
  38  3:20  Drone x2  
  38  3:24  Overlord  
  39  3:27  Drone  
  40  3:35  Drone x2  
  40  3:38  Drone  
  43  3:42  Overlord  
  43  3:48  Evolution Chamber  
  43  3:49  Evolution Chamber  
  43  3:50  Evolution Chamber  
  43  3:52  Zergling x2  
  43  3:55  Evolution Chamber  
  39  3:58  Evolution Chamber  
  39  4:00  Zergling x2  

Tags
 
Add a new tag
Caveats
  • Supply blocks, unpowered buildings, or Contaminate may cause inaccurate times.
  • Supply counts are checked every 10 seconds.